cohdb
Replays
Latest Replays
All Replays
Popular Replays
Top Player Replays
Match Explorer
How It Works
Community
CoH3 Stats
Reddit
Sign in to upload your games and track your stats! →
Sign in with Steam
Match 25634365
Unlisted
Match 25634365
Overview
Messages
Build Orders
End
Construct Barracks
Engineer Squad
Riflemen Squad
Riflemen Squad
Riflemen Squad
Grenade Package
Selects Advanced Infantry Battlegroup
Selects Convert to Ranger Squad
Convert to Ranger Squad
Infantry Support Center
Selects Frontline Medical Station
Frontline Medical Station
.30 cal Machine Gun
Mortar Pit
Construct Tank Depot
Selects Infantry Assault
Infantry Assault
Mortar Pit
M18 Hellcat Tank Destroyer
.30 cal Machine Gun
Selects Artillery Observers
M18 Hellcat Tank Destroyer
Mortar Pit
Infantry Assault
Selects M2A1 105mm Howitzer Emplacement
Selects 155mm Rapid Artillery Barrage
.30 cal Machine Gun
Infantry Assault
MR.DOGO-YT
Eliasga89
Piros
Eber
barus
bogdan
piper dawn
ColaDruid
0
0
Comments
sign in to comment!
No comments posted yet!